 Dungeon Crawl Stone Soup version 0.30-a0-743-gbfdf073431 (webtiles) character file.

Game seed: 3620581787121364854

6559 octoduck the Severer (level 11, -3/82 HPs)
             Began as a Hill Orc Fighter on Feb 7, 2023.
             Was a Priest of Okawaru.
             Killed from afar by an acid dragon (29 damage)
             ... with a splash of acid
             ... on level 9 of the Dungeon.
             The game lasted 00:31:15 (10419 turns).

octoduck the Severer (Hill Orc Fighter)            Turns: 10419, Time: 00:31:15

Health: -3/82      AC: 11    Str: 24    XL:     11   Next: 1%
Magic:  11/11      EV:  9    Int:  8    God:    Okawaru [***...]
Gold:   273        SH:  5    Dex: 10    Spells: 10/10 levels left

rFire   . . .      SeeInvis .    a - +0 war axe
rCold   . . .      Faith    .    c - +0 buckler
rNeg    . . .      Spirit   .    b - +0 scale mail
rPois   .          Reflect  .    (no helmet)
rElec   .          Harm     .    y - +0 cloak
rCorr   .          Rampage  .    l - +0 pair of gloves
Will    .....                    (no boots) Stlth
                                 (no amulet)
HPRegen 0.33/turn                s - +4 ring of slaying
MPRegen 0.12/turn                (no ring)

@: no status effects
A: no striking features
a: Renounce Religion, Heroism


You were on level 9 of the Dungeon.
You worshipped Okawaru.
Okawaru was most pleased with you.
You visited 2 branches of the dungeon, and saw 10 of its levels.

You collected 369 gold pieces.
You spent 96 gold pieces at shops.

Inventory:

Hand Weapons
 a - a +0 war axe (weapon)
 d - the +1 mace of the Five Knives {spect, +Blink Will- Int+9 Stlth-}
   (You took it off a kobold on level 3 of the Dungeon)

   Int:       It affects your intelligence (+9).
   +Blink:    It lets you blink.
   Will:      It decreases your willpower.
   Stlth:     It makes you less stealthy.
 j - a +2 hand axe of draining
Missiles
 m - 7 poisoned darts
 q - 4 throwing nets (quivered)
 v - 9 boomerangs
 B - 2 curare-tipped darts
Armour
 b - a +0 scale mail (worn)
 c - a +0 buckler (worn)
 l - a +0 pair of gloves (worn)
 u - a +1 ring mail of cold resistance
 y - a +0 cloak (worn)
 A - a +0 tower shield
Jewellery
 s - a +4 ring of slaying (left hand)
Wands
 r - a wand of digging (10)
 D - a wand of polymorph (6)
 E - a wand of paralysis (7)
 F - a wand of mindburst (11)
Scrolls
 g - 5 scrolls of teleportation
 o - a scroll of poison
 z - 2 scrolls of fog
Potions
 e - a potion of cancellation {unknown}
 h - 5 potions of curing
 i - a potion of attraction
 k - a potion of invisibility
 n - 3 potions of haste
 p - 2 potions of brilliance
 t - a potion of mutation
 w - 5 potions of heal wounds
 x - 2 potions of flight
 C - a potion of resistance


   Skills:
 - Level 3.6 Fighting
 * Level 17.4 Axes
 - Level 8.4 Armour
 + Level 7.0 Shields


You had 10 spell levels left.
You didn't know any spells.
Your spell library contained the following spells:

 Spells                   Type           Power      Damage    Failure   Level
 Kiss of Death            Conj/Necr      0%         2d5       75%         1
 Sting                    Tmut/Pois      0%         1d3       75%         1
 Cigotuvi's Dreadful Rot  Necr/Pois/Air  0%         N/A       87%         2
 Poisonous Vapours        Pois/Air       0%         N/A       87%         2
 Confusing Touch          Hex            0%         N/A       98%         3
 Dazzling Flash           Conj/Hex       0%         N/A       98%         3
 Inner Flame              Hex/Fire       0%         N/A       98%         3
 Mephitic Cloud           Conj/Pois/Air  0%         N/A       98%         3
 Dispel Undead            Necr           0%         3d6       100%        4
 Flame Wave               Conj/Fire      0%         2d4       100%        4
 Iskenderun's Mystic Bla  Conj/Tloc      0%         2d3       100%        4
 Olgreb's Toxic Radiance  Pois           0%         N/A       100%        4
 Sticky Flame             Conj/Fire      0%         2d3       100%        4
 Starburst                Conj/Fire      0%         6d3       100%        6


Dungeon Overview and Level Annotations

Branches:
Dungeon (9/15)             Temple (1/1) D:6
   Lair: D:8-11         Orc: D:9-12

Altars:
Ashenzari
Cheibriados
Dithmenos
Elyvilon
Fedhas
Gozag
Hepliaklqana
Kikubaaqudgha
Makhleb
Nemelex Xobeh
Okawaru
Qazlal
Ru
Sif Muna
Trog
Uskayaw
Vehumet
Wu Jian
Xom
The Shining One

Shops:
D:4 *(=**


Message History

You miss the killer bee.
The killer bee is almost dead.
The killer bee stings you.
You gain the combat prowess of a mighty hero.
You block the killer bee's attack. The killer bee stings you.
You completely miss the killer bee.
The killer bee is almost dead.
The killer bee closely misses you. You block the killer bee's attack.
You slice the killer bee!!
You kill the killer bee!
Okawaru accepts your kill.
The centaur unwields a +0 falchion.
The centaur wields a +0 shortbow.
The centaur shoots an arrow.
You block the arrow.
You slice the killer bee!!
You kill the killer bee!
Okawaru accepts your kill.
The centaur shoots an arrow.
You block the arrow.
Your base Shields skill increases to level 7!
You have reached level 11!
The centaur unwields a +0 shortbow.
The centaur wields a +0 falchion.
You block the centaur's attack.
The centaur kicks you but does no damage.
Items here: [ †††††††††.
You slash the centaur!
You kill the centaur!
Okawaru accepts your kill.
You feel like a meek peon again.
There is a stone staircase leading up here.
You start resting.
Magic restored.
You start resting.
An acid dragon comes into view.
The acid dragon spits acid at you. The splash of acid hits you!!
As you read the scroll of fog, it crumbles to dust.
The scroll dissolves into smoke.
There is a stone staircase leading up here.
The acid dragon spits acid at you. The splash of acid hits you!!
You die...

##.#### #).....
#[##### #.#≈§§≈
#.'≈.>§ ##.'≈_.≈
###########..#≈≈≈≈
#§§§§§§......#####
#@D§§§§...........
#§§§§§§........###
#§§§§§§...........
#.§§§..........###
#.........<....#
###########+####


You could see an acid dragon (catching breath).

Vanquished Creatures
  Erica (D:8)
  A troll (D:9)
  Grinder (D:3)
  11 yaks (D:8)
  3 steam dragons (D:8)
  2 water moccasins (D:7)
  2 black bears
  3 ice beasts
  An orc warrior (D:7)
  A sky beast (D:5)
  2 ogres
  5 centaurs
  2 kobold brigands (D:6)
  6 bullfrogs
  A gnoll sergeant (D:7)
  3 necrophages
  10 killer bees (D:9)
  4 howler monkeys
  4 hounds
  3 orc priests
  A jelly (D:6)
  An iguana (D:4)
  8 orc wizards
  Natasha (thrice) (D:3 D:2)
  Robin (D:3)
  7 adders
  11 gnolls
  A shadow imp (D:6)
  A white imp (D:3)
  An ufetubus (D:6)
  2 worms (D:3)
  2 dart slugs
  19 orcs
  3 bats
  7 endoplasms
  5 giant cockroaches
  16 goblins
  6 hobgoblins
  5 jackals (D:5)
  11 kobolds
  8 ball pythons
  7 frilled lizards
  6 rats
  A bush (D:4)
199 creatures vanquished.

Vanquished Creatures (others)
  A bush (D:4)
1 creature vanquished.

Grand Total: 200 creatures vanquished

Notes
Turn   | Place    | Note
-------+----------+-------------------------------------------
     0 | D:1      | octoduck the Hill Orc Fighter began the quest for the Orb.
     0 | D:1      | Reached XP level 1. HP: 19/19 MP: 1/1
    74 | D:1      | Reached skill level 3 in Axes
   107 | D:1      | Reached XP level 2. HP: 26/26 MP: 2/2
   207 | D:1      | Reached skill level 4 in Axes
   466 | D:1      | Reached XP level 3. HP: 31/31 MP: 3/3
  1203 | D:2      | Reached skill level 5 in Axes
  1263 | D:2      | Reached XP level 4. HP: 39/39 MP: 4/4
  1670 | D:2      | Reached skill level 6 in Axes
  1690 | D:3      | Reached XP level 5. HP: 43/45 MP: 5/5
  1703 | D:3      | Noticed Robin
  1748 | D:3      | Noticed Grinder
  1959 | D:4      | Reached skill level 7 in Axes
  2057 | D:4      | Noticed an ogre
  2074 | D:3      | Killed an ogre
  2075 | D:3      | Reached XP level 6. HP: 27/51 MP: 6/6
  2116 | D:3      | Paralysed by Grinder for 5 turns
  2128 | D:3      | Killed Grinder
  2129 | D:3      | Reached skill level 8 in Axes
  2283 | D:3      | Identified the +1 mace of the Five Knives {spect, +Blink
                  | Will- Int+9 Stlth-}
  2330 | D:3      | Noticed Natasha
  2394 | D:3      | Killed Natasha
  2395 | D:3      | Reached XP level 7. HP: 23/57 MP: 7/7
  2537 | D:3      | Noticed Natasha
  2542 | D:3      | Killed Natasha
  2543 | D:3      | Reached skill level 9 in Axes
  2546 | D:3      | Noticed Natasha
  2565 | D:2      | Killed Natasha
  2678 | D:3      | Killed Robin
  2895 | D:4      | Found Ykkesm's Assorted Antiques.
  2895 | D:4      | Found Uwuurol's Assorted Antiques.
  2899 | D:4      | Bought a scroll of identify for 48 gold pieces
  2982 | D:4      | Found Fesiusui's Weapon Emporium.
  3498 | D:4      | Found Mackuemm's General Store.
  3578 | D:4      | Bought a scroll of identify for 48 gold pieces
  3595 | D:4      | Found Qocw's Jewellery Emporium.
  3623 | D:4      | Reached skill level 5 in Armour
  3861 | D:5      | Entered Level 5 of the Dungeon
  3975 | D:5      | Reached skill level 10 in Axes
  4052 | D:5      | Reached XP level 8. HP: 52/64 MP: 8/8
  4297 | D:5      | Reached skill level 11 in Axes
  4492 | D:5      | Found an ancient bone altar of Kikubaaqudgha.
  5073 | D:6      | Noticed a yak
  5074 | D:6      | Noticed a yak
  5181 | D:6      | Reached skill level 12 in Axes
  5685 | D:6      | Reached XP level 9. HP: 50/70 MP: 9/9
  5798 | D:6      | Found a staircase to the Ecumenical Temple.
  5824 | Temple   | Entered the Ecumenical Temple
  6142 | Temple   | Became a worshipper of Warmaster Okawaru
  6463 | D:7      | Reached skill level 13 in Axes
  7547 | D:7      | Reached * piety under Okawaru
  7613 | D:7      | Reached skill level 14 in Axes
  7780 | D:7      | Found a hazy altar of Hepliaklqana.
  7836 | D:7      | Found a bloodstained altar of Trog.
  7836 | D:7      | Found a sparkling altar of Nemelex Xobeh.
  7843 | D:7      | Found a shadowy altar of Dithmenos.
  7845 | D:7      | Found a faded altar of an unknown god.
  7847 | D:7      | Found a shimmering altar of Xom.
  8546 | D:8      | Reached XP level 10. HP: 55/77 MP: 10/10
  8677 | D:8      | Reached skill level 15 in Axes
  8883 | D:8      | Noticed Erica
  8903 | D:8      | Reached ** piety under Okawaru
  8930 | D:8      | Reached skill level 5 in Shields
  9518 | D:8      | Reached skill level 16 in Axes
  9887 | D:8      | Killed Erica
  9887 | D:8      | Reached *** piety under Okawaru
 10282 | D:9      | Found a hide-covered altar of Uskayaw.
 10287 | D:9      | Reached skill level 17 in Axes
 10345 | D:9      | Reached XP level 11. HP: 32/82 MP: 7/11
 10419 | D:9      | Killed from afar by an acid dragon

Illustrated notes

Levels and vault maps discovered:
D:1:      roderic_crossed_star, layout_loops_ring
D:2:      layout_loops_cross, minmay_parallelograms, due_unseen_surprise
D:3:      layout_rooms, uniq_natasha, uniq_robin, uniq_grinder
D:4:      layout_loops_ring, serial_shops, nicolae_square_shop, shop, shop,
          nicolae_lakefront_shop, nicolae_shop_overgrown_old_shop,
          minmay_hedge_maze, minmay_circle_x
D:5:      layout_rooms, kiku_gazebo_pond_becter
D:6:      layout_basic, temple_doors_e, minmay_fractal_squares_diagonal_5
D:7:      layout_basic, chequers_temple_overflow_minitemple,
          mainiacjoe_overflow_alcove_4
D:8:      layout_basic, uniq_erica
D:9:      layout_roguey, zin_treasury, general_overflow_altar
Temple:   oiseaux_autumnal_temple

Skill      XL: |  1  2  3  4  5  6  7  8  9 10 |
---------------+-------------------------------+-----
Axes           | 3 4 5 6 7 8 10 12 14 17 | 17.4
Armour         | 4 5 7 8 |  8.4
Shields        | 4 7 |  7.0
Fighting       | |  3.6

Action                     |  1- 3 |  4- 6 |  7- 9 | 10-12 || total
---------------------------+-------+-------+-------+-------++-------
  Melee: War axe           |    74 |    64 |   421 |   141 ||   700
  Throw: Dart              |       |       |       |     1 ||     1
 Invoke: Heroism           |       |       |       |     5 ||     5
  Evoke: Wand              |       |       |     8 |     1 ||     9
    Use: Scroll            |     3 |     1 |    15 |     2 ||    21
         Potion            |       |     1 |     1 |     3 ||     5
 Armour: Scale mail        |    25 |    25 |   175 |    26 ||   251
         Skin              |       |       |     3 |       ||     3
  Dodge: Dodged            |    32 |    27 |   141 |    62 ||   262
  Block: Buckler           |    13 |    16 |    59 |    26 ||   114

Table legend: (Time is in decaauts)
 A = Elapsed time spent in this place.
 B = Non-inter-level travel time spent in this place.
 C = Inter-level travel time spent in this place.
 D = Time resting spent in this place.
 E = Time spent auto-exploring this place.
 F = Levels seen in this place.
 G = Mean time per level.
                   A        B        C        D        E       F      G
               +--------+--------+--------+--------+--------+-----+--------+
         Total |  10428 |   9444 |    984 |   2498 |   3764 |  10 | 1042.8 |
       Dungeon |  10075 |   9156 |    919 |   2498 |   3494 |   9 | 1119.4 |
        Temple |    352 |    287 |     65 |      0 |    270 |   1 |  352.0 |
               +--------+--------+--------+--------+--------+-----+--------+

Top non-repeatable levels by time:
     D:7: 1901 daAuts
     D:6: 1701 daAuts
     D:8: 1603 daAuts
     D:4: 1183 daAuts
     D:3: 996 daAuts
     D:2: 981 daAuts
     D:1: 811 daAuts
     D:5: 748 daAuts
  Temple: 352 daAuts
     D:9: 147 daAuts
